 Dungeon Crawl Stone Soup version 0.22-a0-596-gfbd32a6 (console) character file.

668237 vegansnacktivist the Champion of Chaos (level 27, -9/183 HPs)
             Began as a Deep Dwarf Fighter on July 4, 2018.
             Was the Champion of Makhleb.
             Killed from afar by an orb of fire (20 damage)
             ... with a fireball
             ... on level 5 of the Realm of Zot on July 6, 2018.
             The game lasted 02:03:18 (51481 turns).

vegansnacktivist the Champion of Chaos (DDFi)      Turns: 51481, Time: 02:03:19

Health: -9/183     AC: 33    Str: 28      XL:     27
Magic:  0/0        EV: 22    Int:  5 (8)  God:    Makhleb [******]
Gold:   7341       SH: 28    Dex:  7 (8)  Spells: 26/26 levels left

rFire    + . .     SeeInvis .   M - +2 broad axe (drain)
rCold    + . .     Gourm    .   S - +0 large shield
rNeg     + + .     Faith    .   P - +7 chain mail of Gluttony {rN+ Slay+2}
rPois    +         Spirit   .   W - +2 helmet
rElec    .         Reflect  +   O - +1 cloak {rPois}
rCorr    .         Harm     .   Z - +2 pair of gloves
MR       ++++.     Rnd*Tele +   U - +2 pair of boots {Fly}
Stlth    ..........             Q - amulet "Tono" {Reflect rC+ SH+2}
HPRegen  0.00/turn              X - +5 ring of evasion
MPRegen  0.07/turn              E - ring of protection from fire

@: flying, non-regenerating
A: damage resistance, heal wounds, fangs 1, blink, blurry vision 3, clumsy 2,
deformed body, deterioration 2, dopey 1, frail 3, low mp 2, negative energy
resistance 1, sense surroundings 3, screaming 3, teleportitis 1, weak 2, no
potion heal 2, subdued magic 3, no regeneration
}: 4/15 runes: decaying, serpentine, silver, abyssal
a: Heal Wounds, Blink, Minor Destruction, Lesser Servant of Makhleb, Major
Destruction, Greater Servant of Makhleb, Renounce Religion, Stop Flying


You were on level 5 of the Realm of Zot.
You worshipped Makhleb.
Makhleb was exalted by your worship.
You were hungry.

You visited 9 branches of the dungeon, and saw 47 of its levels.
You visited the Abyss 1 time.

You collected 9175 gold pieces.
You spent 1834 gold pieces at shops.

Inventory:

Hand Weapons
 M - a +2 broad axe of draining (weapon)
Armour
 O - a +1 cloak of poison resistance (worn)
 P - the +7 chain mail of Gluttony (worn) {rN+ Slay+2}
   (You found it on level 2 of the Lair of Beasts)

   It affects your accuracy and damage with ranged weapons and melee attacks
   (+2).
   It protects you from negative energy.
 S - a +0 large shield (worn)
 U - a +2 pair of boots of flying (worn)
 W - a +2 helmet (worn)
 Z - a +2 pair of gloves (worn)
Jewellery
 B - the ring "Daidd" {Str+3 Dex+4 SInv}
   (You found it on level 3 of the Realm of Zot)

   [ring of see invisible]

   It affects your strength (+3).
   It affects your dexterity (+4).
   It lets you see invisible.
 C - an uncursed ring of resist corrosion
 E - a ring of protection from fire (right hand)
 Q - the amulet "Tono" (around neck) {Reflect rC+ SH+2}
   (You bought it in a shop on level 2 of the Orcish Mines)

   [amulet of reflection]

   It shields you and reflects attacks.
   It protects you from cold.
   It affects your SH (+2).
 X - a +5 ring of evasion (left hand)
Wands
 i - a wand of iceblast (38)
 j - a wand of disintegration (37)
 p - a wand of acid (3)
 u - a wand of clouds (9)
 x - a wand of enslavement (35)
 y - a wand of random effects (156)
 D - a wand of flame (200)
 H - a wand of paralysis (9)
 J - a wand of digging (27)
 N - a wand of scattershot (6)
Scrolls
 a - 12 scrolls of enchant weapon
 b - 4 scrolls of identify
 g - 23 scrolls of teleportation
 n - 6 scrolls of magic mapping
 r - 8 scrolls of fog
 s - 11 scrolls of blinking
 w - 25 scrolls of remove curse
 F - 7 scrolls of enchant armour
 L - 3 scrolls of holy word
 T - 7 scrolls of fear
 Y - 2 scrolls of summoning
Potions
 c - 3 potions of mutation
 d - 5 potions of might
 e - 9 potions of heal wounds
 h - 33 potions of curing
 k - 8 potions of haste
 l - 2 potions of magic
 o - a potion of resistance
 q - a potion of invisibility
 v - a potion of cancellation
 z - 8 potions of flight
 A - 10 potions of lignification
 I - 7 potions of agility
 K - 5 potions of berserk rage
Miscellaneous
 m - a box of beasts
 t - 2 phantom mirrors
 G - a lamp of fire
 R - a sack of spiders
 V - a fan of gales
Comestibles
 f - 80 rations


   Skills:
 + Level 18.7 Fighting
 - Level 18.0 Axes
 + Level 21.7 Armour
 + Level 21.4 Dodging
 - Level 25.0 Shields
 * Level 25.3 Invocations
 - Level 9.0 Evocations


You had 26 spell levels left.
You didn't know any spells.
Your spell library contained the following spells:

 Spells                   Type           Power        Failure   Level  Hunger
 Cause Fear               Hex            #.........   100%        4    #####..
 Fireball                 Conj/Fire      #.........   100%        5    ######.
 Apportation              Tloc           #.....       69%         1    ##.....
 Conjure Flame            Conj/Fire      #.......     97%         3    ####...
 Bolt of Fire             Conj/Fire      #.........   100%        6    #######
 Bolt of Cold             Conj/Ice       #.........   100%        6    #######
 Lightning Bolt           Conj/Air       #.........   100%        5    ######.
 Bolt of Magma            Conj/Fire/Erth #.........   100%        5    ######.
 Slow                     Hex            #.......     85%         2    ###....
 Confuse                  Hex            #.......     97%         3    ####...
 Throw Flame              Conj/Fire      #.....       85%         2    ###....
 Controlled Blink         Tloc           N/A          100%        8    #######
 Ring of Flames           Chrm/Fire      #.........   100%        7    #######
 Teleport Other           Tloc           #.......     97%         3    ####...
 Summon Small Mammal      Summ           #...         69%         1    ##.....
 Blink                    Tloc           N/A          85%         2    ###....
 Animate Dead             Necr           N/A          100%        4    #####..
 Animate Skeleton         Necr           N/A          69%         1    ##.....
 Vampiric Draining        Necr           #.........   97%         3    ####...
 Sticky Flame             Conj/Fire      #.......     100%        4    #####..
 Summon Ice Beast         Ice/Summ       #.......     100%        4    #####..
 Call Imp                 Summ           #.......     85%         2    ###....
 Dispel Undead            Necr           #.......     100%        5    ######.
 Sublimation of Blood     Necr           #.........   85%         2    ###....
 Summon Demon             Summ           #.........   100%        5    ######.
 Corpse Rot               Necr           N/A          85%         2    ###....
 Iron Shot                Conj/Erth      #.........   100%        6    #######
 Stone Arrow              Conj/Erth      #.....       97%         3    ####...
 Shock                    Conj/Air       #...         69%         1    ##.....
 Swiftness                Chrm/Air       #.......     85%         2    ###....
 Recall                   Summ/Tloc      N/A          97%         3    ####...
 Spider Form              Tmut/Pois      #.........   97%         3    ####...
 Blade Hands              Tmut           #.........   100%        5    ######.
 Statue Form              Tmut/Erth      #........    100%        6    #######
 Ice Form                 Ice/Tmut       #.......     100%        4    #####..
 Dragon Form              Tmut           #.........   100%        7    #######
 Death Channel            Necr           #.........   100%        6    #######
 Deflect Missiles         Chrm/Air       #.........   100%        6    #######
 Airstrike                Air            #.........   100%        4    #####..
 Shadow Creatures         Summ           N/A          100%        6    #######
 Confusing Touch          Hex            #.....       69%         1    ##.....
 Flame Tongue             Conj/Fire      #....        69%         1    ##.....
 Ignite Poison            Fire/Tmut/Pois #.......     97%         3    ####...
 Sticks to Snakes         Tmut           #.......     85%         2    ###....
 Call Canine Familiar     Summ           #.......     97%         3    ####...
 Metabolic Englaciation   Hex/Ice        #.........   100%        5    ######.
 Summon Butterflies       Summ           #.......     69%         1    ##.....
 Silence                  Hex/Air        #.........   100%        5    ######.
 Shatter                  Erth           #.........   100%        9    #######
 Dispersal                Tloc           #.........   100%        6    #######
 Static Discharge         Conj/Air       #.......     97%         3    ####...
 Corona                   Hex            #......      69%         1    ##.....
 Simulacrum               Ice/Necr       #.........   100%        6    #######
 Conjure Ball Lightning   Conj/Air       #.........   100%        6    #######
 Portal Projectile        Hex/Tloc       #.....       97%         3    ####...
 Petrify                  Tmut/Erth      #.......     100%        4    #####..
 Passage of Golubria      Tloc           N/A          100%        4    #####..
 Tornado                  Air            #.........   100%        9    #######
 Leda's Liquefaction      Hex/Erth       #.........   100%        4    #####..
 Summon Hydra             Summ           #.........   100%        7    #######
 Shroud of Golubria       Chrm/Tloc      #.........   85%         2    ###....
 Inner Flame              Hex/Fire       #.......     97%         3    ####...
 Beastly Appendage        Tmut           #.....       69%         1    ##.....
 Disjunction              Tloc           #.........   100%        8    #######
 Fulminant Prism          Conj/Hex       #.........   100%        4    #####..
 Force Lance              Conj/Tloc      #.......     100%        4    #####..
 Infusion                 Chrm           #...         69%         1    ##.....
 Discord                  Hex            #.........   100%        8    #######
 Summon Forest            Summ/Tloc      #.........   100%        5    ######.
 Summon Lightning Spire   Summ/Air       #.......     100%        4    #####..
 Summon Guardian Golem    Hex/Summ       #.......     97%         3    ####...
 Dragon's Call            Summ           #.........   100%        9    #######
 Summon Mana Viper        Hex/Summ       #.......     100%        5    ######.
 Hydra Form               Tmut           #.........   100%        6    #######
 Irradiate                Conj/Tmut      #.........   100%        5    ######.
 Gell's Gravitas          Tloc           #.........   97%         3    ####...
 Yara's Violent Unravell  Hex/Tmut       #.........   100%        5    ######.
 Lesser Beckoning         Tloc           #.........   97%         3    ####...
 Ignition                 Fire           #.........   100%        8    #######
 Borgnjor's Vile Clutch   Necr/Erth      #.........   100%        5    ######.


Dungeon Overview and Level Annotations

Branches:
Dungeon (15/15)            Temple (1/1) D:7            Lair (6/6) D:11
  Swamp (4/4) Lair:3        Snake (4/4) Lair:2        Slime (0/5) Lair:6
    Orc (2/2) D:11            Elf (0/3) Orc:2        Vaults (5/5) D:14
  Crypt (0/3) Vaults:3     Depths (5/5) D:15            Zot (5/5) Depths:5

Altars:
Ashenzari
Cheibriados
Dithmenos
Elyvilon
Fedhas
Gozag
Hepliaklqana
Kikubaaqudgha
Makhleb
Nemelex Xobeh
Okawaru
Qazlal
Ru
Sif Muna
Trog
Uskayaw
Vehumet
Wu Jian
Xom
Yredelemnul
Zin
The Shining One
Beogh
Jiyva

Shops:
D:7 (   D:11 (   Orc:2 =!:!   Vaults:5 :   Depths:1 %([%%

Portals:
Hell: Depths:1 Depths:2 Depths:3 Depths:4 Depths:5
Abyss: Depths:3 Depths:4
Pandemonium: Depths:3 Depths:4
Ziggurat: Depths:3

Annotations:
D:10 1 runed door


Innate Abilities, Weirdness & Mutations

You are resistant to damage.
You can heal yourself by infusing magical energy.
You resist negative energy. (rN+)
You passively map a large area around you.
You do not regenerate.
You have very sharp teeth.
You can translocate small distances at will.
Scrolls take you much longer to read.
You are very clumsy. (Dex -4)
Armour fits poorly on your strangely shaped body.
Your body often deteriorates upon taking damage.
You are dopey. (Int -2)
You are extremely frail. (-30% HP)
Your magical capacity is very low. (-20% MP)
You frequently scream uncontrollably at your foes.
You are occasionally teleported next to monsters.
You are very weak. (Str -4)
Potions are poor at restoring your health.
Your spells are much easier to cast, but much less powerful.


Message History

You block the electric golem's attack. The electric golem hits you.
You hear a shout!
Unknown command.
Your magical essence is drained by the effort!
You feel much better. You block the electric golem's attack.
The electric golem closely misses you. You block the electric golem's attack.
The electric golem hits you but does no damage.
Unknown command.
Really read with blurry vision while enemies are nearby?
The orb of fire glows bright magenta.
The bolt of fire hits the orb of fire.
The orb of fire completely resists.
The bolt of fire hits you! You resist.
* * * LOW HITPOINT WARNING * * *
Your body deteriorates!
You feel dopey.
The orb of fire emits a lurid red light.
The bolt of fire hits you! You resist.
* * * LOW HITPOINT WARNING * * *
The orb of fire glows yellow.
The fireball explodes!
The fireball engulfs you! You resist.
You die...

,,,,,,,,,,,...▓▓▓*
,,,,,,,,,........▓##
,,,,,,,,,....^.....## #
,,,,,,,,,...........# ▓▓▓▓▓▓▓▓▓ #
,,,,,,,,,...........▓▓▓.^.....▓▓▓
,,,,,,,,,...........▓▓.........▓▓
,,,,,,,,,..........^▓...........▓
,,,,,,,,,...........^.....0......
,,,,,,,,,:..*.8*@...▓....^......▓
,,,,,,,,,......*....▓▓.....(...▓▓
,,,,,,,,,...^.......▓▓▓.......▓▓▓
,,,,,,,,,...........▓ ▓▓▓▓▓▓▓▓▓ ▓
,,,,,,,,,..........▓▓ ▓
,,,,,,,,,........▓▓▓
*,,,,,,,,.....▓▓▓▓
*********▓▓▓▓▓*


You could see 3 orbs of fire and an electric golem.

Vanquished Creatures
  8 orbs of fire
  2 ancient liches (Zot:5)
  6 juggernauts
  Boris (Vaults:2)
  Saint Roka (Vaults:1)
  Bai Suzhen (Vaults:2)
  2 curse toes
  2 Killer Klowns
  A caustic shrike (Depths:4)
  Nikola (Depths:3)
  10 golden dragons
  2 bone dragons (Abyss:3)
  11 large abominations
  2 electric golems (Zot:5)
  7 liches
  23 tentacled monstrosities
  22 Orb Guardians (Zot:5)
  3 titans
  6 quicksilver dragons
  6 death cobs
  The ghost of Rexfelis the Executioner, an adept MiBe of Trog (Swamp:1)
  6 tentacled starspawn
  7 sphinxes
  12 shadow dragons
  Kirke (D:15)
  2 thorn hunters
  16 storm dragons
  9 tengu reavers
  A draconian monk (Zot:4)
  Donald (Swamp:1)
  24 fire giants
  2 ghost moths
  Roxanne (D:15)
  11 frost giants
  14 nagarajas (Snake:4)
  3 iron dragons
  Aizul (Snake:2)
  An orc warlord (Vaults:4)
  6 draconian scorchers
  4 deep elf sorcerers
  7 draconian knights
  17 vault wardens
  2 balrugs (Zot:4)
  3 draconian shifters
  A ghoul (Vaults:1)
  2 draconian annihilators
  A deep elf elementalist (Vaults:5)
  A caustic shrike zombie (Depths:2)
  An angel (Abyss:3)
  3 draconian stormcallers
  A reaper (Abyss:3)
  30 ironheart preservers
  2 ophanim (Abyss:3)
  23 stone giants
  6 green draconians
  An entropy weaver (Vaults:1)
  17 very ugly things
  2 war gargoyles (Vaults:5)
  4 red draconians
  3 black draconians
  3 vampire knights
  A lorocyproca (Abyss:3)
  3 yellow draconians
  6 purple draconians
  A deep elf annihilator (Vaults:2)
  A deep elf demonologist (Vaults:5)
  5 white draconians
  5 spark wasps
  An ettin (shapeshifter) (Vaults:1)
  17 ettins
  An eidolon (Vaults:3)
  A merfolk javelineer (Depths:5)
  Josephine (D:15)
  17 yaktaur captains
  2 deep elf death magi (Vaults:2)
  8 small abominations
  22 fire dragons
  9 great orbs of eyes
  6 deep elf high priests
  The ghost of Rexfelis the Cleaver, a journeyman MiFi (Lair:1)
  32 naga warriors
  4 rakshasas
  36 vault guards
  A monstrous demonspawn (Depths:3)
  7 spriggan air magi
  Fannar (Lair:1)
  8 ice dragons
  A ghost crab (Swamp:4)
  28 hydras
  7 centaur warriors
  A catoblepas (D:14)
  2 death knights (Vaults:1)
  6 anacondas
  2 dancing weapons
  12 deep troll shamans
  45 two-headed ogres
  5 tengu warriors
  15 alligators
  An anaconda (shapeshifter) (Vaults:5)
  18 ogre magi
  19 naga sharpshooters
  11 death yaks
  A thrashing horror (Abyss:3)
  10 deep troll earth magi
  5 shock serpents
  A shock serpent (shapeshifter) (Depths:3)
  A sun demon (Depths:3)
  A soul eater (Depths:3)
  2 orc high priests (Orc:2)
  10 spriggan berserkers
  3 titan zombies
  A hell knight (Depths:3)
  12 deep elf knights
  Nergalle (D:11)
  A titan skeleton (Abyss:2)
  4 skeletal warriors (Lair:1)
  2 wretched stars (Abyss:3)
  A fire crab (shapeshifter) (Depths:1)
  2 salamander mystics
  A spark wasp zombie (Depths:2)
  A shadow wraith (Vaults:5)
  A golden dragon zombie (Depths:2)
  2 sixfirhies
  3 glowing orange brains
  2 spatial maelstroms (Abyss:3)
  2 unseen horrors
  35 deep trolls
  4 spriggan druids
  2 cherubim (Abyss:3)
  7 swamp dragons (Swamp:4)
  3 shambling mangroves
  3 wizards
  3 naga ritualists
  4 phantasmal warriors
  3 deep elf archers
  14 ironbrand convokers
  23 starcursed masses
  A lindwurm (shapeshifter) (Vaults:5)
  4 flayed ghosts
  12 orc knights
  An iron dragon zombie (Depths:1)
  9 necromancers
  4 harpies
  An orange crystal statue (Zot:3)
  A sphinx zombie (Vaults:2)
  22 deep elf magi
  A golden dragon skeleton (Depths:2)
  5 wolf spiders
  A shining eye (shapeshifter) (Vaults:2)
  3 mana vipers
  A mana viper (shapeshifter) (Depths:4)
  5 manticores
  11 salamanders
  29 ugly things
  15 moths of wrath
  3 oklob plants
  6 orc sorcerers
  4 cyclopes
  2 fire giant skeletons
  A frost giant skeleton (Depths:2)
  A worldbinder (Abyss:3)
  3 apocalypse crabs (Abyss:2)
  15 vault sentinels
  Joseph (Lair:1)
  2 rust devils
  28 black mambas
  6 guardian serpents
  10 elephants
  2 black mambas (shapeshifter)
  13 naga magi
  5 smoke demons
  2 centaur zombies (D:13)
  19 spiny frogs
  An orange demon (Abyss:2)
  A spiny frog (shapeshifter) (Depths:1)
  An efreet (Abyss:3)
  5 komodo dragons
  2 tormentors
  A yaktaur (shapeshifter) (Vaults:3)
  6 hellwings (Abyss:2)
  59 yaktaurs
  A kobold demonologist (D:13)
  An ancient zyme (Abyss:1)
  3 tengu conjurers
  6 freezing wraiths
  11 polar bears
  A meliai (shapeshifter) (Depths:2)
  3 meliai (D:13)
  A shadow dragon simulacrum (Depths:1)
  2 trolls (shapeshifter)
  5 trolls
  A queen bee (shapeshifter) (D:14)
  4 jumping spiders (shapeshifter)
  A harpy zombie (D:15)
  9 tyrant leeches
  A wind drake (shapeshifter) (Depths:2)
  23 hornets
  13 raiju
  19 blink frogs
  5 bog bodies
  A harpy skeleton (Abyss:3)
  An ettin zombie (Depths:2)
  2 dream sheep (shapeshifter)
  6 dream sheep
  26 slime creatures
  A hippogriff (shapeshifter) (Depths:4)
  2 meliai zombies
  A frost giant simulacrum (Depths:2)
  8 hippogriffs
  A flying skull (Abyss:2)
  A vampire (D:15)
  5 ynoxinuls
  2 shadows
  A spriggan skeleton (Depths:1)
  49 yaks
  A fire dragon skeleton (Depths:1)
  A redback (shapeshifter) (Depths:5)
  3 ettin skeletons (Depths:1)
  A tarantella (shapeshifter) (Vaults:5)
  12 spriggans
  A tarantella (Vaults:1)
  15 wyverns
  5 redbacks
  2 water elementals (Depths:5)
  Grum (D:8)
  5 basilisks
  9 wraiths
  6 hogs (D:15)
  A golden eye (D:10)
  6 hungry ghosts
  3 neqoxecs
  A steam dragon (D:5)
  20 swamp worms
  74 nagas
  10 vampire mosquitoes
  15 wargs
  8 insubstantial wisps (Swamp:1)
  A spatial vortex (Abyss:3)
  A soldier ant (D:13)
  3 acid dragons
  12 hell hounds (Lair:6)
  A tengu skeleton (Depths:1)
  28 water moccasins
  6 porcupines
  2 floating eyes
  13 black bears
  An ice dragon simulacrum (Depths:1)
  4 ice beasts
  61 orc warriors
  6 sky beasts
  2 spriggan simulacra (Depths:2)
  16 swamp drakes
  An eye of draining (shapeshifter) (Depths:2)
  2 necrophages
  46 ogres
  4 boggarts
  An eye of draining (D:13)
  A wolf (shapeshifter) (Vaults:1)
  10 centaurs
  3 phantoms
  67 wolves
  An orc skeleton (Vaults:2)
  10 crocodiles
  2 big kobolds
  21 bullfrogs
  A glowing shapeshifter simulacrum (Vaults:2)
  2 earth elementals
  11 scorpions
  3 killer bees (D:12)
  5 wights (D:13)
  An electric eel (Lair:3)
  3 howler monkeys
  9 crimson imps
  A quasit (D:6)
  2 human simulacra
  An iron imp (Abyss:2)
  5 jellies
  2 bullfrog skeletons (D:4)
  36 orc priests
  7 hounds
  2 iguanas
  3 centaur skeletons
  29 orc wizards
  7 worker ants
  A hound skeleton (D:4)
  A worker ant zombie (D:5)
  11 adders
  A howler monkey skeleton (D:4)
  6 shadow imps
  An ufetubus (Abyss:1)
  2 oozes
  An adder skeleton (D:5)
  A worm (D:3)
  2 dart slugs
  3 leopard geckos
  154 orcs
  3 giant cockroaches
  A goblin (D:2)
  4 hobgoblins
  2 jackals (D:5)
  6 quokkas
  A ball python (D:3)
  4 bats
  9 frilled lizards
  A goblin skeleton (D:10)
  A jackal skeleton (D:9)
  A jackal zombie (D:7)
  13 kobolds
  A kobold skeleton (D:10)
  2 leopard gecko skeletons
  A rat (D:1)
  7 briar patches (Swamp:4)
  3 bushes (Lair:5)
  6 crawling corpses
  13 fungi
  12 plants
  7 starspawn tentacles (Abyss:1)
2391 creatures vanquished.

Vanquished Creatures (collateral kills)
  Mara (Swamp:4)
  Frances (D:14)
  An orc warlord (Orc:2)
  2 orc high priests (Orc:2)
  An oklob plant (Lair:6)
  A spiny frog (Lair:6)
  A rime drake (Lair:3)
  A naga (Lair:2)
  A warg (Orc:2)
  9 orc warriors (Orc:2)
  8 orc priests (Orc:2)
  2 orc wizards (Orc:2)
  An orc (Orc:2)
  A briar patch (Swamp:4)
  A bush (Lair:6)
32 creatures vanquished.

Vanquished Creatures (others)
  A draconian shifter (Zot:4)
  A draconian annihilator (Zot:2)
  A stone giant (Depths:4)
  A purple draconian (Zot:4)
  7 yaktaur captains
  A fire dragon (Depths:3)
  A rakshasa (Abyss:1)
  2 centaur warriors
  A death drake (Abyss:3)
  A wizard (Vaults:1)
  A large abomination (Abyss:2)
  A deep elf archer (Vaults:1)
  13 yaktaurs
  A raiju (Abyss:3)
  A slime creature (Swamp:4)
  A naga (Snake:3)
  An insubstantial wisp (Swamp:1)
  2 swamp drakes (Swamp:4)
  An orc warrior (D:7)
  An ogre (Vaults:2)
  3 centaurs
  An orc wizard (Vaults:5)
  12 fungi
  27 plants
  13 starspawn tentacles
96 creatures vanquished.

Grand Total: 2519 creatures vanquished

Notes
Turn   | Place    | Note
-------+----------+-------------------------------------------
     0 | D:1      | vegansnacktivist the Deep Dwarf Fighter began the quest for the Orb.
     0 | D:1      | Reached XP level 1. HP: 20/20 MP: 1/1
   461 | D:2      | Reached XP level 2. HP: 27/27 MP: 2/2
   655 | D:2      | Reached XP level 3. HP: 21/34 MP: 3/3
   819 | D:2      | Found a shattered altar of Ashenzari.
  1456 | D:3      | Reached XP level 4. HP: 42/42 MP: 4/4
  1673 | D:4      | Noticed a phantom
  1706 | D:4      | Killed a phantom
  1706 | D:4      | Reached XP level 5. HP: 39/49 MP: 5/5
  1735 | D:4      | Reached XP level 6. HP: 43/57 MP: 6/6
  1970 | D:4      | Reached skill level 5 in Axes
  2202 | D:4      | Reached XP level 7. HP: 46/64 MP: 7/7
  2379 | D:5      | Entered Level 5 of the Dungeon
  2409 | D:5      | Reached skill level 5 in Armour
  2409 | D:5      | Reached skill level 5 in Shields
  2776 | D:5      | Noticed a steam dragon
  2794 | D:5      | Killed a steam dragon
  2794 | D:5      | Reached XP level 8. HP: 59/73 MP: 8/8
  3364 | D:6      | Reached skill level 5 in Fighting
  3690 | D:6      | Found a deep blue altar of Sif Muna.
  4088 | D:7      | Found an ornate altar of the Wu Jian Council.
  4115 | D:7      | Found a staircase to the Ecumenical Temple.
  4129 | D:7      | Gained mutation: You passively map the area around you. [Deep Dwarf growth]
  4129 | D:7      | Reached XP level 9. HP: 81/81 MP: 9/9
  4141 | Temple   | Entered the Ecumenical Temple
  4339 | Temple   | Became a worshipper of Makhleb the Destroyer
  4480 | D:7      | Found Umodd's Antique Weapon Boutique.
  4586 | D:7      | Found a glowing silver altar of Zin.
  4791 | D:8      | Noticed Grum
  4832 | D:8      | Killed Grum
  4832 | D:8      | Reached skill level 1 in Invocations
  4859 | D:8      | Found a snail-covered altar of Cheibriados.
  5084 | D:8      | Found a sacrificial altar of Ru.
  5085 | D:8      | Found a sparkling altar of Nemelex Xobeh.
  5086 | D:8      | Found a shadowy altar of Dithmenos.
  5639 | D:9      | You fall through a shaft!
  5639 | D:10     | Entered Level 10 of the Dungeon
  5681 | D:10     | Found a runed door.
  5685 | D:10     | Found a basalt altar of Yredelemnul.
  5687 | D:10     | Reached * piety under Makhleb
  5747 | D:10     | Reached skill level 5 in Invocations
  5759 | D:10     | Reached XP level 10. HP: 85/91 MP: 13/13
  6086 | D:10     | Reached skill level 10 in Axes
  6269 | D:10     | Noticed Sonja
  6274 | D:10     | Noticed Sonja
  6274 | D:10     | Sonja changed into Sonja the black mamba
  6276 | D:10     | Noticed Sonja
  6276 | D:10     | Sonja the black mamba changed into Sonja the golden eye
  6278 | D:10     | Killed Sonja the golden eye
  6410 | D:9      | Found a snail-covered altar of Cheibriados.
  6474 | D:9      | Reached ** piety under Makhleb
  6588 | D:9      | You fall through a shaft!
  6796 | D:11     | Noticed a purple ugly thing
  6813 | D:11     | Killed a purple ugly thing
  6842 | D:11     | Noticed a skeletal warrior
  6846 | D:11     | Noticed a skeletal warrior
  6848 | D:11     | Noticed a skeletal warrior
  6849 | D:11     | Noticed a skeletal warrior
  7018 | D:11     | Found a staircase to the Lair.
  7048 | Lair:1   | Entered Level 1 of the Lair of Beasts
  7119 | Lair:1   | Noticed a spiny frog
  7147 | Lair:1   | Killed a spiny frog
  7150 | Lair:1   | Noticed Fannar
  7156 | Lair:1   | Found a transporter.
  7171 | Lair:1   | Killed Fannar
  7171 | Lair:1   | Reached XP level 11. HP: 89/100 MP: 16/16
  7195 | Lair:1   | Noticed Joseph
  7236 | Lair:1   | Killed Joseph
  7439 | Lair:1   | Reached *** piety under Makhleb
  7472 | Lair:1   | Noticed Rexfelis's ghost (journeyman MiFi)
  7476 | Lair:1   | Found a transporter.
  8057 | Lair:2   | Found a staircase to the Snake Pit.
  8069 | Lair:2   | Noticed a four-headed hydra
  8101 | Lair:2   | Killed a six-headed hydra
  8114 | Lair:2   | Reached skill level 10 in Invocations
  8299 | Lair:2   | Found an iron altar of Okawaru.
  8896 | Lair:2   | Got an encrusted chain mail
  8907 | Lair:2   | Identified the +7 chain mail of Gluttony {rN+ Slay+2} (You found it on level 2 of the Lair of Beasts)
  8984 | Lair:3   | Reached XP level 12. HP: 110/110 MP: 16/16
  9354 | Lair:3   | Reached **** piety under Makhleb
  9386 | Lair:3   | Reached skill level 10 in Armour
  9397 | Lair:3   | Reached skill level 10 in Shields
  9722 | Lair:3   | Noticed a five-headed hydra
  9749 | Lair:3   | Killed an eight-headed hydra
  9749 | Lair:3   | Reached skill level 1 in Evocations
  9970 | Lair:3   | Found a staircase to the Swamp.
 10612 | Lair:4   | Reached ***** piety under Makhleb
 10739 | Lair:4   | Reached XP level 13. HP: 118/118 MP: 19/19
 11307 | Lair:5   | Reached skill level 5 in Evocations
 12077 | Lair:6   | Entered Level 6 of the Lair of Beasts
 12232 | Lair:6   | Found a viscous altar of Jiyva.
 12233 | Lair:6   | Found a staircase to the Slime Pits.
 12822 | Lair:6   | Gained mutation: You resist negative energy. (rN+) [Deep Dwarf growth]
 12822 | Lair:6   | Reached XP level 14. HP: 129/129 MP: 16/16
 13127 | Lair:6   | Reached skill level 1 in Dodging
 13224 | Lair:6   | Reached ****** piety under Makhleb
 13499 | Lair:6   | Reached skill level 15 in Axes
 13541 | Lair:6   | Paralysed by a hornet for 3 turns
 15045 | Lair:1   | Killed Rexfelis's ghost
 15159 | Lair:1   | Reached skill level 10 in Fighting
 15239 | Lair:1   | Reached skill level 5 in Dodging
 15427 | D:11     | Found Egucsiar's Weapon Emporium.
 15704 | D:11     | Found a staircase to the Orcish Mines.
 15813 | D:11     | Noticed Nergalle
 15839 | D:11     | Killed Nergalle
 16531 | D:12     | Found a glowing golden altar of the Shining One.
 17187 | D:13     | Reached XP level 15. HP: 134/138 MP: 17/17
 17238 | D:13     | Noticed Maurice
 17241 | D:13     | Noticed Maurice
 17241 | D:13     | Maurice changed into Maurice the hornet
 17249 | D:13     | Killed Maurice the hornet
 17308 | D:13     | Found a roughly hewn altar of Beogh.
 17888 | D:14     | Noticed Frances
 17910 | D:14     | Killed Frances
 17923 | D:14     | Found a gate to the Vaults.
 19068 | D:15     | Entered Level 15 of the Dungeon
 19105 | D:15     | Noticed Josephine
 19140 | D:15     | Killed Josephine
 19208 | D:15     | Noticed Louise
 19210 | D:15     | Noticed Louise
 19210 | D:15     | Louise changed into Louise the great orb of eyes
 19224 | D:15     | Killed Louise the great orb of eyes
 19225 | D:15     | Noticed a fire giant
 19407 | D:15     | Noticed Roxanne
 19438 | D:15     | Found a staircase to the Depths.
 19482 | D:15     | Killed a fire giant
 19540 | D:15     | Noticed Kirke
 19573 | D:15     | Killed Kirke
 20352 | D:15     | Killed Roxanne
 20474 | Orc:1    | Entered Level 1 of the Orcish Mines
 20778 | Orc:2    | Entered Level 2 of the Orcish Mines
 21085 | Orc:2    | Found a roughly hewn altar of Beogh.
 21228 | Orc:2    | Found Kowolene's Distillery.
 21257 | Orc:2    | Bought a potion of heal wounds for 85 gold pieces
 21257 | Orc:2    | Bought a potion of heal wounds for 85 gold pieces
 21257 | Orc:2    | Bought a potion of berserk rage for 85 gold pieces
 21257 | Orc:2    | Bought a potion of haste for 170 gold pieces
 21257 | Orc:2    | Bought 2 potions of curing for 102 gold pieces
 21257 | Orc:2    | Bought a potion of might for 68 gold pieces
 21257 | Orc:2    | Bought a potion of curing for 51 gold pieces
 21257 | Orc:2    | Bought a potion of curing for 51 gold pieces
 21257 | Orc:2    | Bought 2 potions of might for 136 gold pieces
 21265 | Orc:2    | Found Vaugedes's Book Shop.
 21706 | Orc:2    | Paralysed by an orc sorcerer for 5 turns
 21714 | Orc:2    | Paralysed by an orc sorcerer for 3 turns
 21813 | Orc:2    | Found a staircase to the Elven Halls.
 21873 | Orc:2    | Reached XP level 16. HP: 148/148 MP: 19/19
 21955 | Orc:2    | Found a roughly hewn altar of Beogh.
 21965 | Orc:2    | Found Pokhlu's Distillery.
 21978 | Orc:2    | Bought a potion of mutation for 96 gold pieces
 21978 | Orc:2    | Bought a potion of mutation for 96 gold pieces
 21999 | Orc:2    | Found Touret's Jewellery Emporium.
 22018 | Orc:2    | Bought the amulet "Tono" {Reflect rC+ SH+2} for 365 gold pieces
 22870 | Swamp:1  | Entered Level 1 of the Swamp
 22927 | Swamp:1  | Found a hazy altar of Hepliaklqana.
 23323 | D:7      | Bought a broad axe for 84 gold pieces
 23651 | Swamp:1  | Found a runed door.
 23654 | Swamp:1  | Noticed Rexfelis's ghost (adept MiBe)
 23842 | Swamp:1  | Noticed Donald
 23875 | Swamp:1  | Killed Donald
 24014 | Swamp:1  | Killed Rexfelis's ghost
 24498 | Swamp:2  | Reached skill level 10 in Dodging
 25024 | Swamp:3  | Paralysed by a hornet for 1 turns
 25227 | Swamp:3  | Noticed a thorn hunter
 25234 | Swamp:3  | Killed a thorn hunter
 25780 | Swamp:4  | Entered Level 4 of the Swamp
 25883 | Swamp:4  | Reached XP level 17. HP: 157/157 MP: 18/18
 25923 | Swamp:4  | Identified a scroll of acquirement
 25952 | Swamp:4  | Noticed Mara
 25960 | Swamp:4  | Noticed vegansnacktivist's illusion
 26348 | Swamp:4  | Noticed vegansnacktivist's illusion
 26406 | Swamp:4  | Killed Mara
 26598 | Swamp:4  | Got a decaying rune of Zot
 26935 | Lair:2   | Upgraded the game from 0.22-a0-587-g7d32d7c to 0.22-a0-596-gfbd32a6
 26938 | Snake:1  | Entered Level 1 of the Snake Pit
 27120 | Snake:1  | Reached skill level 15 in Invocations
 27659 | Snake:2  | Noticed Aizul
 27684 | Snake:2  | Killed Aizul
 28972 | Snake:4  | Entered Level 4 of the Snake Pit
 28981 | Snake:4  | Gained mutation: You passively map a large area around you. [Deep Dwarf growth]
 28981 | Snake:4  | Reached XP level 18. HP: 168/168 MP: 13/13
 30361 | Snake:4  | Got a serpentine rune of Zot
 30730 | Depths:1 | Entered Level 1 of the Depths
 30742 | Depths:1 | Reached XP level 19. HP: 177/177 MP: 14/14
 30747 | Depths:1 | Reached skill level 15 in Shields
 30903 | Depths:1 | Reached skill level 15 in Armour
 31071 | Depths:1 | Found Iday's Food Boutique.
 31270 | Depths:1 | Found Vahiotac's Antique Weapon Shoppe.
 31274 | Depths:1 | Found Nogho's Antique Armour Shoppe.
 31275 | Depths:1 | Found Ciela's Food Shoppe.
 31280 | Depths:1 | Found Maytha Erro's Food Shoppe.
 31283 | Depths:1 | Bought a pair of embroidered boots for 360 gold pieces
 31343 | Depths:1 | Found a gateway to Hell.
 31700 | Depths:2 | Paralysed by a great orb of eyes for 6 turns
 31893 | Depths:2 | Reached skill level 15 in Dodging
 31959 | Depths:2 | You are sucked into a shaft for 2 floors!
 32035 | Depths:4 | Found a one-way gate to the infinite horrors of the Abyss.
 32035 | Depths:4 | Found a one-way gate leading to the halls of Pandemonium.
 32063 | Depths:4 | Found a basalt altar of Yredelemnul.
 32063 | Depths:4 | Found a shattered altar of Ashenzari.
 32064 | Depths:4 | Found a bloodstained altar of Trog.
 32171 | Depths:4 | Noticed a juggernaut
 32204 | Depths:4 | Killed a juggernaut
 32246 | Depths:4 | Noticed a juggernaut
 32269 | Depths:4 | Killed a juggernaut
 32323 | Depths:4 | Noticed a juggernaut
 32341 | Depths:4 | Reached XP level 20. HP: 145/188 MP: 13/13
 32349 | Depths:4 | Killed a juggernaut
 32747 | Depths:4 | Gained mutation: You are occasionally teleported next to monsters. [a Zot trap]
 32747 | Depths:4 | Gained mutation: You tend to lose your temper in combat. [a Zot trap]
 32759 | Depths:4 | Noticed a caustic shrike
 32771 | Depths:4 | Killed a caustic shrike
 32806 | Depths:4 | Noticed a golden dragon
 32825 | Depths:4 | Killed a golden dragon
 32857 | Depths:4 | Paralysed by a floating eye for 4 turns
 32984 | Depths:4 | Noticed a juggernaut
 33234 | Depths:4 | Noticed a juggernaut
 33246 | Depths:4 | Killed a juggernaut
 33291 | Depths:3 | Lost mutation: You are occasionally teleported next to monsters. [potion of mutation]
 33291 | Depths:3 | Lost mutation: You tend to lose your temper in combat. [potion of mutation]
 33291 | Depths:3 | Gained mutation: Armour fits poorly on your strangely shaped body. [potion of mutation]
 33291 | Depths:3 | Gained mutation: Your magical capacity is low. (-10% MP) [potion of mutation]
 33291 | Depths:3 | Gained mutation: You are partially covered in yellow scales. (AC +2) [potion of mutation]
 33292 | Depths:3 | Lost mutation: Armour fits poorly on your strangely shaped body. [potion of mutation]
 33292 | Depths:3 | Lost mutation: Your magical capacity is low. (-10% MP) [potion of mutation]
 33292 | Depths:3 | Gained mutation: Your muscles are strong. (Str +2) [potion of mutation]
 33292 | Depths:3 | Gained mutation: You can translocate small distances at will. [potion of mutation]
 33292 | Depths:3 | Gained mutation: You have very sharp teeth. [potion of mutation]
 33319 | Depths:3 | Noticed Nikola
 33337 | Depths:3 | Killed Nikola
 33343 | Depths:3 | Noticed a golden dragon
 33394 | Depths:2 | Killed a golden dragon
 33528 | Depths:2 | Found a burning altar of Makhleb.
 33686 | Depths:2 | Reached XP level 21. HP: 166/198 MP: 13/13
 34013 | Depths:2 | Got a faintly glowing marble ring
 34087 | Depths:2 | Noticed a golden dragon
 34100 | Depths:2 | Killed a golden dragon
 34696 | Depths:2 | Got a pair of scorched gloves
 34697 | Depths:2 | Identified the ring "Idghoskerch" {*Corrode rF++ Dex+3 Slay+1} (You found it on level 2 of the Depths)
 34698 | Depths:2 | Identified the +2 pair of gloves of Dithmenos's Pride {+Blink rF+ rN+ Slay-3} (You found it on level 2 of the Depths)
 35538 | Depths:3 | Found a gateway to a ziggurat.
 36151 | Depths:4 | Killed a juggernaut
 36191 | Depths:4 | Identified the Incunabulum of Supportive Benedictions
 36233 | Depths:4 | Got smoking ice dragon scales
 36234 | Depths:4 | Identified the +1 ice dragon scales of Mokarascha {rElec rF- rC++} (You took it off a yaktaur captain on level 4 of the Depths)
 36244 | Depths:5 | Entered Level 5 of the Depths
 36311 | Depths:5 | Reached XP level 22. HP: 205/208 MP: 10/10
 36479 | Depths:5 | Found Gicu's Assorted Antiques.
 36649 | Depths:5 | Found a gate to the Realm of Zot.
 36711 | Depths:5 | Reached skill level 15 in Fighting
 37526 | Depths:3 | Voluntarily entered the Abyss.
 37552 | Abyss:1  | Found a corrupted altar of Lugonu.
 37556 | Abyss:1  | Found a corrupted altar of Lugonu.
 38141 | Abyss:2  | Found a corrupted altar of Lugonu.
 38297 | Abyss:3  | Found a glowing golden altar of the Shining One.
 38345 | Abyss:3  | Noticed a juggernaut
 38361 | Abyss:3  | Killed a juggernaut
 38370 | Abyss:3  | Got an abyssal rune of Zot
 38412 | Abyss:3  | Paralysed by accursed screaming for 1 turns
 38521 | Abyss:3  | Gained mutation: Your spells are a little easier to cast, but a little less powerful. [a neqoxec]
 38692 | Depths:3 | Escaped the Abyss
 38816 | Vaults:1 | Entered Level 1 of the Vaults
 38816 | Vaults:1 | Noticed Saint Roka
 38840 | Vaults:1 | Killed Saint Roka
 38950 | Vaults:1 | Reached XP level 23. HP: 218/218 MP: 12/12
 40198 | Vaults:2 | Noticed Bai Suzhen
 40252 | Vaults:2 | Killed Bai Suzhen
 40641 | Vaults:2 | Noticed Boris
 40653 | Vaults:2 | Killed Boris
 41583 | Vaults:3 | Reached XP level 24. HP: 229/229 MP: 12/12
 42130 | Vaults:3 | Found a staircase to the Crypt.
 43291 | Vaults:4 | Identified Miobij's Grimoire of Darkness
 43738 | Vaults:4 | Got a transparent ivory ring
 43739 | Vaults:4 | Identified the ring of Farye {rN+ MP+9 Dex+3 Slay-4} (You found it on level 4 of the Vaults)
 43848 | Vaults:5 | Entered Level 5 of the Vaults
 43944 | Vaults:5 | Reached XP level 25. HP: 238/238 MP: 12/12
 44049 | Vaults:5 | Got a silver rune of Zot
 44808 | Vaults:5 | Found Unoukegg's Book Emporium.
 45168 | Vaults:5 | Identified the Guide on Mutagenic Curses
 45177 | Vaults:5 | Identified Wipenaa's Volume of the Creative Volcanoes
 45846 | Zot:1    | Entered Level 1 of the Realm of Zot
 45874 | Zot:1    | Noticed an orb of fire
 45924 | Zot:1    | Gained mutation: Potions are less effective at restoring your health. [an orb of fire]
 45950 | Zot:1    | Gained mutation: You are clumsy. (Dex -2) [an orb of fire]
 45958 | Zot:1    | Gained mutation: Armour fits poorly on your strangely shaped body. [an orb of fire]
 45962 | Zot:1    | Gained mutation: You are frail. (-10% HP) [an orb of fire]
 45967 | Zot:1    | Killed an orb of fire
 46704 | Zot:2    | Noticed an orb of fire
 46715 | Zot:2    | Gained mutation: Your body sometimes deteriorates upon taking damage. [an orb of fire]
 46743 | Zot:2    | Lost mutation: Your muscles are strong. (Str +2) [an orb of fire]
 46758 | Zot:2    | Gained mutation: You are very clumsy. (Dex -4) [an orb of fire]
 46767 | Zot:2    | Killed an orb of fire
 47040 | Zot:2    | Reached XP level 26. HP: 142/225 MP: 12/12
 48072 | Zot:3    | Found a transporter.
 48159 | Zot:3    | Identified Qeetre's Witchery, Part Six
 48662 | Zot:3    | Found a transporter.
 49028 | Zot:3    | Got a warped tin ring
 49029 | Zot:3    | Identified the ring "Daidd" {Str+3 Dex+4 SInv} (You found it on level 3 of the Realm of Zot)
 50247 | Zot:5    | Entered Level 5 of the Realm of Zot
 50404 | Zot:5    | Noticed an ancient lich
 50423 | Zot:5    | Killed an ancient lich
 50423 | Zot:5    | Reached XP level 27. HP: 221/234 MP: 8/8
 51194 | Zot:5    | Noticed an orb of fire
 51195 | Zot:5    | Noticed an orb of fire
 51196 | Zot:5    | Gained mutation: You are weak. (Str -2) [an orb of fire]
 51196 | Zot:5    | Noticed an orb of fire
 51196 | Zot:5    | Noticed an orb of fire
 51197 | Zot:5    | Gained mutation: You are very weak. (Str -4) [an orb of fire]
 51197 | Zot:5    | Gained mutation: You are very frail. (-20% HP) [an orb of fire]
 51221 | Zot:5    | Noticed an orb of fire
 51222 | Zot:5    | Lost mutation: You are partially covered in yellow scales. (AC +2) [an orb of fire]
 51223 | Zot:5    | Killed an orb of fire
 51226 | Zot:5    | Noticed an orb of fire
 51227 | Zot:5    | Noticed an orb of fire
 51228 | Zot:5    | Gained mutation: Your body often deteriorates upon taking damage. [an orb of fire]
 51228 | Zot:5    | Gained mutation: You occasionally shout uncontrollably at your foes. [an orb of fire]
 51235 | Zot:5    | Gained mutation: Your spells are easier to cast, but less powerful. [an orb of fire]
 51236 | Zot:5    | Gained mutation: Scrolls take you a little longer to read. [an orb of fire]
 51236 | Zot:5    | Gained mutation: Your spells are much easier to cast, but much less powerful. [an orb of fire]
 51237 | Zot:5    | Gained mutation: You are extremely frail. (-30% HP) [an orb of fire]
 51238 | Zot:5    | Killed an orb of fire
 51244 | Zot:5    | Killed an orb of fire
 51252 | Zot:5    | Gained mutation: Your magical capacity is low. (-10% MP) [an orb of fire]
 51252 | Zot:5    | Noticed an ancient lich
 51262 | Zot:5    | Killed an orb of fire
 51262 | Zot:5    | Gained mutation: Scrolls take you longer to read. [an orb of fire]
 51271 | Zot:5    | Gained mutation: Your magical capacity is very low. (-20% MP) [an orb of fire]
 51273 | Zot:5    | Gained mutation: Potions are poor at restoring your health. [an orb of fire]
 51278 | Zot:5    | Killed an ancient lich
 51280 | Zot:5    | Gained mutation: You are dopey. (Int -2) [an orb of fire]
 51282 | Zot:5    | Killed an orb of fire
 51282 | Zot:5    | Gained mutation: Scrolls take you much longer to read. [an orb of fire]
 51285 | Zot:5    | Killed an orb of fire
 51455 | Zot:5    | Noticed an orb of fire
 51468 | Zot:5    | Gained mutation: You are occasionally teleported next to monsters. [an orb of fire]
 51471 | Zot:5    | Gained mutation: You sometimes yell uncontrollably at your foes. [an orb of fire]
 51473 | Zot:5    | Gained mutation: You frequently scream uncontrollably at your foes. [an orb of fire]
 51475 | Zot:5    | Noticed an orb of fire
 51479 | Zot:5    | Noticed an orb of fire
 51481 | Zot:5    | Killed from afar by an orb of fire

Vault maps used:
D:1:      sevenhm_arrival_forest_fort_small_4
D:2:      nrook_uturn, ashenzari_altar_1
D:4:      first_ration
D:6:      kennysheep_mini_moat
D:7:      kennysheep_little_box, minmay_temple_entry_butterflies, serial_shops,
          shop, basic_altar
D:8:      old_standard_altar, grunt_temple_overflow_open, uniq_grum
D:9:      basic_altar, grunt_pizzeria
D:10:     dk_yredelemnul_ordeal, uniq_sonja
D:11:     due_lair_maze_entry_diamond, david_orc_1_choice, serial_shops, shop,
          serial_park_tiny_1, glass_columns_a, uniq_nergalle
D:12:     basic_altar
D:13:     uniq_maurice
D:14:     lightli_vaults_fourway_checkpoint, serial_glass, glass_columns_b,
          glass_columns_b, minmay_strange_pillars, nicolae_two_hexagons,
          uniq_frances
D:15:     grunt_enter_depths_giant_problem, uniq_josephine, uniq_roxanne,
          uniq_kirke, uniq_louise
Temple:   eino_temple_rhombus
Lair:1:   gammafunk_ghost_arena, grunt_megastairs_2, uniq_fannar, uniq_joseph
Lair:2:   minmay_snake_entry_guardpost_small, basic_altar
Lair:3:   nicolae_swamp_entry_splash_gauntlet, grunt_forest_large_clearings,
          infiniplex_staircase_pool_2
Lair:4:   serial_forest, infiniplex_forest_zigzag_1,
          infiniplex_forest_straight_4, infiniplex_forest_lined_room_3,
          infiniplex_forest_clump_cross, infiniplex_forest_clump_double,
          infiniplex_forest_side_room
Lair:6:   hangedman_lair_tendril_chambers, hangedman_lair_caniforms_friends,
          slime_altar_1, minivault_24, minivault_24, dpeg_oklob_1
Swamp:1:  ebering_ghost_reflecting_pool, nicolae_swamp_godswood, uniq_donald
Swamp:2:  serial_swamp_ruin, evilmike_swamp_ruin_house_2,
          evilmike_swamp_ruin_rubble_2, hangedman_swamp_ruin_hall,
          nicolae_swamp_baby_hydras
Swamp:3:  hangedman_swamp_ruin_wall, swamp_pool5
Swamp:4:  swamp, swamp_pool4, infiniplex_staircase_pool, uniq_mara
Snake:1:  special_room
Snake:2:  uniq_aizul
Snake:3:  serial_corexii_hall, corexii_hall_statues_deadend,
          corexii_hall_statues_t
Snake:4:  grunt_snake_rune_spirals, grunt_ministairs_11
Orc:2:    pubby_orc_utopia
Vaults:1: v_misc_22, vaults_dpeg_encased_lava, v_alt_pattern_2, v_rooms_6,
          ontoclasm_vaults_ring_small, v_misc_2, hangedman_vaults_corner_blocks,
          hangedman_vaults_locks, hangedman_vaults_capsules,
          nicolae_vaults_three_branches, vaults_room_semicircle,
          ontoclasm_vaults_tryst, uniq_saint_roka
Vaults:2: vaults_room_pool, v_misc_1, nicolae_vaults_what_the_h,
          dpeg_vaults_monster_row, ontoclasm_vaults_chip,
          ontoclasm_vaults_shuriken, uniq_boris, uniq_bai_suzhen
Vaults:3: hangedman_vaults_stitches, v_misc_26, hangedman_vaults_stream,
          nicolae_vaults_triangles, minmay_crypt_entry_simple_round,
          v_alt_pattern_4, vaults_room_large_hall, v_rooms_1, v_pattern_3,
          ontoclasm_vaults_ligature, vaults_dpeg_ring
Vaults:4: nicolae_vaults_little_squares_6, v_pattern_4,
          ontoclasm_vaults_decontamination, v_alt_pattern_3,
          nicolae_vaults_hallways_thing, ontoclasm_vaults_idyll, v_rooms_3,
          hangedman_vaults_maws, nicolae_vaults_circle_grid_b,
          nicolae_vaults_display_case, nicolae_vaults_theta,
          vaults_room_corners, v_misc_4, v_misc_32, nicolae_vaults_little_ls
Depths:1: minmay_misc_feat_enclosed, grunt_hell_entry_dis_mu, serial_shops,
          shop, grunt_decor_mini_mirrors, minmay_shop_grid_forest,
          kennysheep_generic_room_11
Depths:2: hangedman_box_tower, hell_entry, lemuel_round_altar
Depths:3: minmay_the_grid_square_5x5_4x4, enter_ziggurat_d,
          abyss_entry_small_statue_room, kennysheep_decorative_pillar,
          rand_demon_pan_entry_3, hell_entry, uniq_nikola
Depths:4: hangedman_slaughterboxes, abyss_entry, pan_entry, hell_entry
Depths:5: grunt_zot_entry_bicorn, hell_entry, grunt_decor_arrowhead,
          serial_bayou_shore_a, serial_bayou_shore_b, minmay_shop_star
Zot:3:    gammafunk_sealed_arena
Zot:4:    minmay_elemental_castle
Abyss:2:  minivault_26
Abyss:3:  evilmike_abyss_rune_tso_outpost, evilmike_abyss_exit_17

Skill      XL: |  1  2  3  4  5  6  7  8  9 10 11 12 13 14 15 16 17 18 19 20 21 22 23 24 25 26 27 |
---------------+----------------------------------------------------------------------------------+-----
Axes           | 3 4 5 6 8 9 11 12 13 14 15 16 17 18 | 18.0
Fighting       | 3 4 5 6 7 8 9 10 11 12 13 14 15 16 17 18 | 18.7
Armour         | 4 5 6 7 8 9 10 11 12 13 14 15 16 17 18 19 20 21 | 21.7
Shields        | 4 5 6 7 8 9 10 11 12 13 14 16 17 19 20 21 22 24 25 | 25.0
Invocations    | 5 8 10 12 13 14 15 16 17 18 19 20 21 22 23 25 | 25.3
Evocations     | 4 8 9 |  9.0
Dodging        | 6 8 11 12 14 15 16 17 18 19 20 21 | 21.4

Action                   |  1- 3 |  4- 6 |  7- 9 | 10-12 | 13-15 | 16-18 | 19-21 | 22-24 | 25-27 || total
-------------------------+-------+-------+-------+-------+-------+-------+-------+-------+-------++-------
Melee: War axe           |    77 |       |       |       |       |       |       |       |       ||    77
       Hand axe          |    23 |   132 |   567 |  1061 |  3132 |   220 |       |       |       ||  5135
       Broad axe         |       |       |       |       |       |  1672 |  1485 |  1940 |  1757 ||  6854
       Bite              |       |       |       |       |       |       |   157 |   384 |   314 ||   855
Invok: Minor Destruction |       |       |       |    20 |    37 |     7 |       |       |       ||    64
       Lesser Servant of |       |       |       |     3 |     4 |       |       |       |       ||     7
       Greater Servant o |       |       |       |       |     1 |     4 |       |       |       ||     5
 Abil: Heal Wounds       |       |       |     3 |     9 |     7 |    23 |    20 |     2 |    28 ||    92
Evoke: Wand              |       |       |     4 |     6 |    25 |     3 |    20 |       |     2 ||    60
       Phantom mirror    |       |       |       |       |       |     1 |       |       |       ||     1
       Phial of floods   |       |       |       |       |       |       |     3 |       |       ||     3
       Fan of gales      |       |       |       |       |       |       |       |       |     1 ||     1
  Use: Scroll            |     7 |     2 |     3 |     5 |    17 |    11 |     9 |     3 |    18 ||    75
       Potion            |       |       |       |       |     4 |     1 |     3 |     4 |     5 ||    17
 Stab: Distracted        |       |       |       |       |     4 |     2 |     1 |       |       ||     7
       Petrified         |       |       |       |       |    30 |       |       |       |       ||    30
       Petrifying        |       |       |       |       |     1 |       |       |       |       ||     1
       Confused          |       |       |       |       |       |     3 |       |       |     2 ||     5
       Fleeing           |       |       |       |       |       |     1 |       |       |       ||     1
  Eat: Ration            |     2 |       |     2 |       |     1 |     4 |     4 |     3 |     5 ||    21
       Chunk             |     1 |     1 |     9 |    19 |    55 |     9 |     6 |    21 |     7 ||   128
Armor: Scale mail        |    38 |    43 |   135 |       |       |       |       |       |       ||   216
       Chain mail        |       |       |    51 |   407 |  1205 |   647 |   539 |   548 |   590 ||  3987
       Quicksilver drago |       |       |       |   265 |       |       |       |       |       ||   265
Dodge: Dodged            |    35 |    27 |   123 |   360 |   819 |   757 |   469 |   618 |   666 ||  3874
Block: Shield            |    54 |    66 |   296 |   710 |  1629 |  1427 |   151 |       |       ||  4333
       Reflection        |       |       |       |       |       |   123 |    75 |   146 |    32 ||   376
       Large shield      |       |       |       |       |       |       |  1209 |  2173 |  1897 ||  5279

Table legend:
 A = Spawn XP
 B = Non-spawn XP
 C = Spawn XP percentage of total XP
 D = Spawn monster count
 E = Non-spawn monster count
 F = Spawn count percentage of total count
 G = Total turns spent on level
                    A         B        C        D         E        F      G
               +---------+---------+-------+---------+---------+-------+---------
         Total |   35660 | 1610525 |   2.2 |      50 |    2362 |   2.1 | 51481
               +---------+---------+-------+---------+---------+-------+---------
           D:1 |       0 |       7 |   0.0 |       0 |       6 |   0.0 |   386
           D:2 |       0 |      47 |   0.0 |       0 |      13 |   0.0 |   616
           D:3 |       0 |      50 |   0.0 |       0 |      14 |   0.0 |   599
           D:4 |       0 |     743 |   0.0 |       0 |      28 |   0.0 |   898
           D:5 |       0 |     793 |   0.0 |       0 |      21 |   0.0 |   682
           D:6 |       0 |     880 |   0.0 |       0 |      15 |   0.0 |   776
           D:7 |       0 |     688 |   0.0 |       0 |      14 |   0.0 |   647
           D:8 |       0 |    1283 |   0.0 |       0 |      16 |   0.0 |   843
           D:9 |       0 |    1714 |   0.0 |       0 |      22 |   0.0 |   522
          D:10 |       0 |    1563 |   0.0 |       0 |      23 |   0.0 |   806
          D:11 |       0 |    5107 |   0.0 |       0 |      42 |   0.0 |  1605
          D:12 |       0 |    2175 |   0.0 |       0 |      19 |   0.0 |   727
          D:13 |       0 |   14069 |   0.0 |       0 |      80 |   0.0 |  1034
          D:14 |       0 |   10659 |   0.0 |       0 |      36 |   0.0 |  1320
          D:15 |       0 |   15600 |   0.0 |       0 |      33 |   0.0 |  1458
        Lair:1 |       0 |   11800 |   0.0 |       0 |      43 |   0.0 |  1462
        Lair:2 |       0 |    4696 |   0.0 |       0 |      19 |   0.0 |   978
        Lair:3 |       0 |   12455 |   0.0 |       0 |      70 |   0.0 |  1482
        Lair:4 |       0 |    5290 |   0.0 |       0 |      27 |   0.0 |   991
        Lair:5 |       0 |   15033 |   0.0 |       0 |      29 |   0.0 |  1143
        Lair:6 |       0 |   33287 |   0.0 |       0 |     133 |   0.0 |  2594
       Swamp:1 |       0 |   11844 |   0.0 |       0 |      29 |   0.0 |   798
       Swamp:2 |       0 |   17001 |   0.0 |       0 |      38 |   0.0 |   911
       Swamp:3 |       0 |   21936 |   0.0 |       0 |      48 |   0.0 |   835
       Swamp:4 |       0 |   34909 |   0.0 |       0 |      51 |   0.0 |  1024
       Snake:1 |       0 |   13220 |   0.0 |       0 |      26 |   0.0 |   631
       Snake:2 |       0 |    7129 |   0.0 |       0 |      11 |   0.0 |   509
       Snake:3 |       0 |   21401 |   0.0 |       0 |      45 |   0.0 |   972
       Snake:4 |       0 |   81579 |   0.0 |       0 |     123 |   0.0 |  1490
         Orc:1 |       0 |    2726 |   0.0 |       0 |      42 |   0.0 |   534
         Orc:2 |       0 |   20455 |   0.0 |       0 |     148 |   0.0 |  1705
      Vaults:1 |       0 |   54265 |   0.0 |       0 |      88 |   0.0 |  1151
      Vaults:2 |       0 |   87225 |   0.0 |       0 |     104 |   0.0 |  1363
      Vaults:3 |       0 |   57022 |   0.0 |       0 |      93 |   0.0 |  1253
      Vaults:4 |       0 |   56544 |   0.0 |       0 |      88 |   0.0 |  1347
      Vaults:5 |       0 |  176691 |   0.0 |       0 |     156 |   0.0 |  1676
      Depths:1 |       0 |   44136 |   0.0 |       0 |      60 |   0.0 |  1035
      Depths:2 |       0 |   83162 |   0.0 |       0 |      74 |   0.0 |  1736
      Depths:3 |       0 |   64648 |   0.0 |       0 |      59 |   0.0 |  1429
      Depths:4 |       0 |  136694 |   0.0 |       0 |      97 |   0.0 |  1652
      Depths:5 |       0 |   60866 |   0.0 |       0 |      56 |   0.0 |   929
         Zot:1 |       0 |   29976 |   0.0 |       0 |      11 |   0.0 |   758
         Zot:2 |       0 |   48847 |   0.0 |       0 |      23 |   0.0 |  1156
         Zot:3 |       0 |   77750 |   0.0 |       0 |      44 |   0.0 |  1320
         Zot:4 |       0 |   65700 |   0.0 |       0 |      38 |   0.0 |  1302
         Zot:5 |       0 |  163158 |   0.0 |       0 |      45 |   0.0 |  1080
       Abyss:1 |    5599 |    7011 |  44.4 |       5 |      11 |  31.2 |   225
       Abyss:2 |    8747 |    6562 |  57.1 |      20 |      23 |  46.5 |   424
       Abyss:3 |   21314 |   20129 |  51.4 |      25 |      28 |  47.2 |   517
               +---------+---------+-------+---------+---------+-------+---------
